 Dungeon Crawl Stone Soup version 0.20-a0-61-ga1b20b4 (webtiles) character file.

420 KristoblXynda the Twirler (level 6, -3/35 HPs)
             Began as a Minotaur Gladiator on Nov 17, 2016.
             Slain by KristoblXynda's ghost (9 damage)
             ... on level 4 of the Dungeon.
             The game lasted 00:06:56 (2458 turns).

KristoblXynda the Twirler (Minotaur Gladiator)      Turns: 2458, Time: 00:06:57

Health: -3/35      AC: 11    Str: 20    XL:     6   Next: 62%
Magic:  5/5        EV:  9    Int:  7    God:
Gold:   199        SH:  0    Dex: 10    Spells: 0 memorised, 5 levels left

rFire  . . .     SeeInvis .     a - +1 quarterstaff
rCold  + . .     Gourm    .     r - +0 chain mail
rNeg   . . .     Faith    .     (shield currently unavailable)
rPois  .         Spirit   .     c - +0 hat
rElec  .         Reflect  .     (no cloak)
rCorr  .         Harm     .     (no gloves)
MR     .....                    (no boots)
Stlth  ..........               (no amulet)
                                (no ring)
                                (no ring)

@: no status effects
A: retaliatory headbutt, horns 2, iridescent scales 1, molten scales 1, thin
metallic scales 1, cold resistance 1, deformed body, deterioration 1, frail 3
a: no special abilities


You were on level 4 of the Dungeon.
You were not hungry.

You visited 1 branch of the dungeon, and saw 4 of its levels.

You collected 199 gold pieces.

Inventory:

Hand Weapons
 a - a +1 quarterstaff (weapon)
Missiles
 d - 3 throwing nets (quivered)
 s - 4 silver tomahawks
Armour
 c - a +0 hat (worn)
 r - a +0 chain mail (worn)
Wands
 i - a wand of slowing (13/48)
Scrolls
 g - a scroll of enchant armour {unknown}
 n - 4 scrolls of remove curse
Potions
 e - 2 potions of cancellation
 h - a potion of resistance
 j - a potion of curing
 k - 3 potions of might
 o - a potion of haste {unknown}
 q - a potion of lignification {unknown}
 u - 2 potions of degeneration {unknown}
 w - 2 potions of brilliance {unknown}
 z - a potion of heal wounds {unknown}
Books
 y - a book of Cantrips

   Spells                             Type                      Level
   a - Confusing Touch                Hexes                        1
   b - Animate Skeleton               Necromancy                   1
   c - Summon Small Mammal            Summoning                    1
   d - Apportation                    Translocation                1
Comestibles
 b - 2 meat rations
 f - 3 bread rations


   Skills:
 - Level 2.4 Fighting
 + Level 6.1 Staves
 - Level 2.0 Throwing
 + Level 4.3 Armour
 + Level 5.4 Dodging


You had 5 spell levels left.
You didn't know any spells.

Dungeon Overview and Level Annotations

Branches:
Dungeon (4/15)
 Temple: D:4-7

Altars:

Annotations:
D:4 KristoblXynda's ghost, amateur DDFi


Innate Abilities, Weirdness & Mutations

You reflexively headbutt those who attack you in melee.
You have a pair of horns on your head.
You are partially covered in iridescent scales. (AC +2)
You are partially covered in molten scales. (AC +2)
You are partially covered in thin metallic scales. (AC +2)
Your flesh is cold resistant. (rC+)
Armour fits poorly on your strangely shaped body.
Your body sometimes deteriorates upon taking damage.
You are extremely frail. (-30% HP)


Message History

KristoblXynda's ghost is heavily damaged.
KristoblXynda's ghost barely misses you.
You closely miss KristoblXynda's ghost.
KristoblXynda's ghost is heavily damaged.
KristoblXynda's ghost hits you but does no damage.
You hit KristoblXynda's ghost.
KristoblXynda's ghost is heavily damaged.
KristoblXynda's ghost hits you.
You thump KristoblXynda's ghost!
KristoblXynda's ghost is severely damaged.
KristoblXynda's ghost closely misses you.
You barely miss KristoblXynda's ghost.
You headbutt KristoblXynda's ghost, but do no damage.
KristoblXynda's ghost is severely damaged.
KristoblXynda's ghost hits you!
* * * LOW HITPOINT WARNING * * *
You closely miss KristoblXynda's ghost.
KristoblXynda's ghost is severely damaged.
KristoblXynda's ghost hits you!
You die...

..........#......##
..........'.....?.#
..........#.......#
.........#.......#
.........#....?.##
###.....#......##
#.....#.......#
#.....#..†....+
#.....#....@..#
#.....#....W..#
#.....#......##
#.....#......#####
#.....#...........
#.....#...........
#.....#...........
#.....#......#####
######.....#......#


You could see KristoblXynda's ghost.

Vanquished Creatures
  Sigmund (D:3)
  A scorpion (D:4)
  A hound (D:3)
  Natasha (thrice) (D:3)
  2 adders (D:2)
  An ooze (D:3)
  An adder skeleton (D:4)
  3 worms
  A dart slug (D:3)
  A leopard gecko (D:4)
  5 orcs (D:3)
  7 bats
  2 giant cockroaches
  7 goblins
  3 hobgoblins
  10 jackals
  6 frilled lizards
  6 kobolds
  12 rats
73 creatures vanquished.

Notes
Turn   | Place    | Note
-------+----------+-------------------------------------------
     0 | D:1      | KristoblXynda the Minotaur Gladiator began the quest for the Orb.
     0 | D:1      | Reached XP level 1. HP: 18/18 MP: 0/0
     1 | D:1      | Noticed an electric eel
    17 | D:1      | Reached skill level 4 in Staves
   124 | D:1      | Reached XP level 2. HP: 22/25 MP: 1/1
   151 | D:1      | Reached skill level 1 in Armour
   593 | D:2      | Reached XP level 3. HP: 28/30 MP: 2/2
  1035 | D:3      | Reached XP level 4. HP: 33/37 MP: 3/3
  1627 | D:3      | Noticed Natasha
  1634 | D:3      | Killed Natasha
  1634 | D:3      | Reached skill level 5 in Staves
  1789 | D:3      | Noticed Natasha
  1795 | D:3      | Killed Natasha
  1795 | D:3      | Reached XP level 5. HP: 36/42 MP: 4/4
  1907 | D:3      | Noticed Sigmund
  1920 | D:3      | Killed Sigmund
  1920 | D:3      | Reached skill level 5 in Dodging
  1920 | D:3      | Reached XP level 6. HP: 50/50 MP: 5/5
  1987 | D:3      | Noticed Natasha
  1995 | D:3      | Killed Natasha
  2070 | D:4      | Reached skill level 6 in Staves
  2082 | D:4      | Noticed KristoblXynda's ghost (amateur DDFi)
  2319 | D:3      | Gained mutation: Armour fits poorly on your strangely shaped body. [potion of mutation]
  2319 | D:3      | Gained mutation: You are partially covered in iridescent scales. (AC +2) [potion of mutation]
  2319 | D:3      | Gained mutation: Your muscles are strong. (Str +2) [potion of mutation]
  2320 | D:3      | Gained mutation: You are frail. (-10% HP) [potion of mutation]
  2320 | D:3      | Lost mutation: Your muscles are strong. (Str +2) [potion of mutation]
  2321 | D:3      | Gained mutation: You are very frail. (-20% HP) [potion of mutation]
  2321 | D:3      | Gained mutation: You are partially covered in thin metallic scales. (AC +2) [potion of mutation]
  2321 | D:3      | Gained mutation: Your body sometimes deteriorates upon taking damage. [potion of mutation]
  2322 | D:3      | Gained mutation: You are partially covered in molten scales. (AC +2) [potion of mutation]
  2322 | D:3      | Gained mutation: Your flesh is cold resistant. (rC+) [potion of mutation]
  2322 | D:3      | Gained mutation: You are extremely frail. (-30% HP) [potion of mutation]
  2458 | D:4      | Slain by KristoblXynda's ghost

Vault maps used:
D:1:      arrival_aquarium_a
D:3:      st_stairs_13, uniq_natasha, uniq_sigmund

Skill      XL: |  1  2  3  4  5  6 |
---------------+-------------------+-----
Staves         | 4 5 6 |  6.1
Armour         | 1 2 3 4 |  4.3
Dodging        | 4 5 |  5.4
Fighting       | |  2.4
Throwing       | |  2.0

Action                   |  1- 3 |  4- 6 || total
-------------------------+-------+-------++-------
Melee: Quarterstaff      |    87 |    84 ||   171
       Headbutt          |     9 |    16 ||    25
  Use: Scroll            |       |    11 ||    11
       Potion            |       |     4 ||     4
  Eat: Chunk             |       |     5 ||     5
Armor: Leather armour    |    21 |       ||    21
       Ring mail         |     7 |       ||     7
       Chain mail        |     5 |    37 ||    42
Dodge: Dodged            |    78 |    27 ||   105
